 Dungeon Crawl Stone Soup version 0.27.0-1-g7a08968 (webtiles) character file.

Game seed: 11439909460076409419

39 Danakh the Magician (level 3, -1/26 HPs)
             Began as a Demonspawn Hedge Wizard on Dec 28, 2021.
             Was a Follower of Fedhas.
             Slain by Natasha (7 damage)
             ... on level 2 of the Dungeon.
             The game lasted 00:06:07 (2039 turns).

Danakh the Magician (Demonspawn Hedge Wizard)       Turns: 2039, Time: 00:06:09

Health: -1/26      AC:  2    Str: 10    XL:     3   Next: 28%
Magic:  2/7        EV: 12    Int: 16    God:    Fedhas [*.....]
Gold:   76         SH:  4    Dex: 12    Spells: 5/8 levels left

rFire    . . .     SeeInvis .   a - +0 dagger
rCold    . . .     Faith    .   (no shield)
rNeg     . . .     Spirit   .   b - +0 robe
rPois    .         Reflect  .   c - +0 hat
rElec    .         Harm     .   (no cloak)
rCorr    .         Rampage  .   (no gloves)
Will     .....                  (no boots)
Stlth    ++........             (no amulet)
HPRegen  0.08/turn              (no ring)
MPRegen  0.10/turn              (no ring)

@: no status effects
A: antennae 1, condensation shield
a: Renounce Religion


You were on level 2 of the Dungeon.
You worshipped Fedhas.
Fedhas was aware of your devotion.
You visited 1 branch of the dungeon, and saw 2 of its levels.

You collected 76 gold pieces.

Inventory:

Hand Weapons
 a - a +0 dagger (weapon)
Armour
 b - a +0 robe (worn)
 c - a +0 hat (worn)
Scrolls
 d - 4 scrolls of teleportation {unknown}
 e - a scroll of summoning {unknown}


   Skills:
 + Level 1.1 Fighting
 + Level 2.1 Dodging
 - Level 2.1 Stealth
 + Level 3.3 Spellcasting
 + Level 1.7 Conjurations
 - Level 1.0 Summonings
 - Level 0.8 Translocations


You had 5 spell levels left.
You knew the following spells:

 Your Spells              Type           Power      Damage    Failure   Level
a - Magic Dart            Conj           32%        1d4       9%          1
b - Blink                 Tloc           N/A        N/A       19%         2

Your spell library contained the following spells:

 Spells                   Type           Power      Damage    Failure   Level
 Call Imp                 Summ           5%         N/A       19%         2
 Slow                     Hex            2%         N/A       28%         2
 Conjure Flame            Conj/Fire      5%         6-21      36%         3
 Mephitic Cloud           Conj/Pois/Air  4%         N/A       41%         3


Dungeon Overview and Level Annotations

Branches:
Dungeon (2/15)

Altars:
Fedhas
Trog

Shops:
D:2 *

Annotations:
D:2 Natasha


Innate Abilities, Weirdness & Mutations

You have a pair of small antennae on your head.
A meltable shield of frost defends you. (SH +4)


Message History

Aim: Natasha (lightly wounded, 100% to hit)
The magic dart hits Natasha.
Natasha is moderately wounded.
Natasha barely misses you.
You hit Natasha.
Natasha is heavily wounded.
Natasha barely misses you.
Casting: Magic Dart (safe; 9% risk of failure)
Confirm with . or Enter, or press ? or * to list all spells.
Aiming: Magic Dart (safe; 9% risk of failure)
Press: ? - help, Shift-Dir - straight line, f/p - Natasha
Aim: Natasha (heavily wounded, 100% to hit)
The magic dart hits Natasha.
Natasha is heavily wounded.
You block Natasha's attack.
You closely miss Natasha.
Natasha is heavily wounded.
Natasha misses you.
Casting: Magic Dart (safe; 9% risk of failure)
Confirm with . or Enter, or press ? or * to list all spells.
Aiming: Magic Dart (safe; 9% risk of failure)
Press: ? - help, Shift-Dir - straight line, f/p - Natasha
Aim: Natasha (heavily wounded, 100% to hit)
The magic dart hits Natasha.
Natasha is severely wounded.
Natasha mumbles some strange words.
Natasha glows brightly for a moment.
Natasha casts a spell at you. The magic dart hits you.
* * * LOW HITPOINT WARNING * * *
Casting: Magic Dart (safe; 9% risk of failure)
Confirm with . or Enter, or press ? or * to list all spells.
Aiming: Magic Dart (safe; 9% risk of failure)
Press: ? - help, Shift-Dir - straight line, f/p - Natasha
Aim: Natasha (severely wounded, 100% to hit)
The magic dart hits Natasha.
Natasha is severely wounded.
Natasha claws you!
You die...
Fedhas appreciates your contribution to the ecosystem.

........#######.##.#######.
# #.........##.........
#...####.##########.........
#........## #####.....
..#.###.#.## ##########..._.
#.###.##............... #.#
##.#.#########..... ..
#.#######..# ##.#.. ...
....#...#@### ######.....
#.# ####.....h## #..........
... #.......# #.####.....
#.# #..###### ##.#.. #.####
#. ♣♣♣♣♣♣ #.... #....##
♣....♣ #..## #.<...####.
♣.♣..♣ ### #..# ...........
♣..♣.♣ ..# #..# #.....#####
♣....♣ #.# #.>#


You could see Natasha.

Vanquished Creatures
  A worm (D:2)
  A ball python (D:1)
  3 endoplasms (D:1)
  2 giant cockroaches
  4 hobgoblins (D:1)
  9 jackals
  2 quokkas (D:1)
  3 bats (D:1)
  2 frilled lizards (D:1)
  2 goblins (D:1)
  2 rats (D:1)
31 creatures vanquished.

Notes
Turn   | Place    | Note
-------+----------+-------------------------------------------
     0 | D:1      | Danakh the Demonspawn Hedge Wizard began the quest for the
                  | Orb.
     0 | D:1      | Reached XP level 1. HP: 13/13 MP: 4/4
   299 | D:1      | Gained mutation: A meltable shield of frost defends you.
                  | (SH +4) [demonic ancestry]
   299 | D:1      | Reached XP level 2. HP: 19/19 MP: 3/6
   491 | D:1      | Found a faded altar of an unknown god.
   544 | D:1      | Became a worshipper of Fedhas Madash
   544 | D:1      | Reached * piety under Fedhas
  1127 | D:1      | Learned a level 2 spell: Blink
  1174 | D:2      | Reached skill level 1 in Fighting
  1174 | D:2      | Gained mutation: You have a pair of small antennae on your
                  | head. [demonic ancestry]
  1174 | D:2      | Reached XP level 3. HP: 26/26 MP: 4/7
  1206 | D:2      | HP: 1/26 [worm (11)]
  1657 | D:2      | Found Wodoriecs's Assorted Antiques.
  1743 | D:2      | Found a bloodstained altar of Trog.
  2029 | D:2      | Noticed Natasha
  2039 | D:2      | Slain by Natasha

Illustrated notes

Levels and vault maps discovered:
D:1:      shiori_arrival_elements, layout_basic,
          shapermc_ecumenical_altar_mp_ritualfount
D:2:      layout_loops_ring, serial_shops, nicolae_shop_waterfront, basic_altar,
          nrook_loot_triangle, kennysheep_generic_room_12, uniq_natasha

Skill      XL: |  1  2 |
---------------+-------+-----
Stealth        | 2 |  2.1
Dodging        | 2 |  2.1
Fighting       | 1 |  1.1
Spellcasting   | |  3.3
Conjurations   | |  1.7
Summonings     | |  1.0
Translocations | |  0.8

Action                   || total
-------------------------++-------
Melee: Dagger            ||    87
 Cast: Magic Dart        ||    83
  Use: Potion            ||     1
Armor: Robe              ||    12
Dodge: Dodged            ||    60
Block: Other             ||    14
